 Dungeon Crawl Stone Soup version 0.29-a0-824-gd827844252 (webtiles) character file.

Game seed: 4476904704520940954

1 Querens the Shield-Bearer (level 1, 0/19 HPs)
             Began as a Meteoran Fighter on July 9, 2022.
             Succumbed to a kobold's poison
             ... on level 1 of the Dungeon.
             The game lasted 00:00:22 (90 turns).

Querens the Shield-Bearer (Meteoran Fighter)          Turns: 90, Time: 00:00:22

Health: 0/19       AC:  6    Str: 17    XL:     1   Next: 28%
Magic:  2/2        EV:  9    Int:  9    God:
Gold:   0          SH:  5    Dex: 13    Spells: 0/0 levels left

rFire   . . .      SeeInvis .   a - +0 war axe
rCold   . . .      Faith    .   c - +0 buckler
rNeg    . . .      Spirit   .   b - +0 scale mail
rPois   .          Reflect  .   (no helmet)
rElec   .          Harm     .   (no cloak)
rCorr   .          Rampage  .   (no gloves)
Will    .....                   (no boots)
Stlth   ..........              (no amulet)
HPRegen 0.06/turn               (no ring)
MPRegen 0.08/turn               (no ring)

@: lethally poisoned (0 -> -7), glowing
A: sense surroundings 1, otherworldly, glowing, explore regen
a: no special abilities


You were on level 1 of the Dungeon.
You visited 1 branch of the dungeon, and saw 1 of its levels.

Inventory:

Hand Weapons
 a - a +0 war axe (weapon)
Armour
 b - a +0 scale mail (worn)
 c - a +0 buckler (worn)
Potions
 d - a potion of might
 f - a potion of lignification {unknown}


   Skills:
 + Level 3.3 Fighting
 + Level 2.4 Axes
 + Level 3.6 Armour
 + Level 3.6 Shields


You couldn't memorise any spells.
You didn't know any spells.
Your spell library was empty.

Dungeon Overview and Level Annotations

Branches:
Dungeon (1/15) Zot: 506

Altars:


Innate Abilities, Weirdness & Mutations

You passively map a small area around you.
You are easily found by Zot.
You glow in the dark.
You regain HP and MP as you explore.


Message History

No target in view!
You see here a +0 club.
Found a scale mail.
Found a stone staircase leading down.
Found a fizzy golden potion.
f - a fizzy golden potion A kobold comes into view.
It is wielding a +2 dagger of venom.
The kobold hits you but does no damage.
You are poisoned.
You completely miss the kobold.
You feel sick. The kobold closely misses you.
You closely miss the kobold.
You feel sick. The kobold barely misses you.
The kobold hits you with a +2 dagger of venom.
You are lethally poisoned!
You barely miss the kobold.
You feel very sick. The kobold hits you but does no damage.
You are too injured to fight recklessly!
You are too injured to fight recklessly!
You are too injured to fight recklessly!
You hit the kobold but do no damage.
* * * LOW HITPOINT WARNING * * *
You feel very sick.
The kobold hits you with a +2 dagger of venom.
* * * LOW HITPOINT WARNING * * *
The kobold hits you with a +2 dagger of venom.
* * * LOW HITPOINT WARNING * * *
You are more poisoned.
It was a potion of curing.
You feel better. The kobold barely misses you.
You miss the kobold. The kobold barely misses you.
You closely miss the kobold. The kobold hits you but does no damage.
You are lethally poisoned!
You block the kobold's attack.
You hit the kobold.
The kobold is severely wounded.
You feel very sick.
The kobold hits you with a +2 dagger of venom.
* * * LOW HITPOINT WARNING * * *
You hit the kobold.
You kill the kobold!
You die...

,* , , * , , ,*,,
, * , ,, ,,,, * *
######## * ,,
,#....)@# *
#.####.# * * *
#.#,* * * , , ,
#.# , ,,
#.################
,*
#.................
*, ,
##################


There were no monsters in sight!

Vanquished Creatures
  A goblin (D:1)
  A kobold (D:1)
2 creatures vanquished.

Notes
Turn   | Place    | Note
-------+----------+-------------------------------------------
     0 | D:1      | Querens the Meteoran Fighter began the quest for the Orb.
     0 | D:1      | Reached XP level 1. HP: 19/19 MP: 2/2
    90 | D:1      | Succumbed to a kobold's poison

Illustrated notes

Levels and vault maps discovered:
D:1:      dpeg_arrival_rooms_c, layout_basic,
          hellmonk_ecumenical_altar_inner_sanctum

Action                   || total
-------------------------++-------
Melee: War axe           ||     9
  Use: Potion            ||     1
Armor: Scale mail        ||     3
Dodge: Dodged            ||     4
Block: Buckler           ||     1

Table legend: (Time is in decaauts)
 A = Elapsed time spent in this place.
 B = Non-inter-level travel time spent in this place.
 C = Inter-level travel time spent in this place.
 D = Time resting spent in this place.
 E = Time spent auto-exploring this place.
 F = Levels seen in this place.
 G = Mean time per level.
                   A        B        C        D        E       F      G
               +--------+--------+--------+--------+--------+-----+--------+
         Total |     93 |     93 |      0 |      0 |      0 |   1 |   93.0 |
       Dungeon |     93 |     93 |      0 |      0 |      0 |   1 |   93.0 |
               +--------+--------+--------+--------+--------+-----+--------+

Top non-repeatable levels by time:
     D:1: 93 daAuts
